 Dungeon Crawl Stone Soup version 0.31-a0-1447-g87ca8d402b (webtiles) character file.

Game seed: 15803593127358757954

16151 bjtr the Unseen (level 12, -14/40 (62) HPs)
             Began as a Vine Stalker Enchanter on Dec 28, 2023.
             Was an Elder of Vehumet.
             Killed from afar by a laughing skull (23 damage)
             ... with a bolt of negative energy
             ... in a Gauntlet.
             The game lasted 01:12:03 (11058 turns).

bjtr the Unseen (Vine Stalker Enchanter)           Turns: 11058, Time: 01:12:05

HP:   -14/40 (62)   AC: 10    Str: 19    XL:     12   Next: 34%
MP:   0/24          EV: 14    Int: 21    God:    Vehumet [****..]
Gold: 437           SH:  5    Dex: 14    Spells: 6/25 levels left

rFire   . . .        a - +2 dagger (speed)
rCold   . . .        x - +0 buckler
rNeg    . . .        g - +0 troll leather armour
rPois   +            s - +0 helmet
rElec   .            y - scarf {repulsion}
rCorr   .            p - +1 pair of gloves
SInv    .            (no boots)
Will    +....        b - amulet of regeneration
Stlth   ++++++       f - ring "Jyheacic" {rPois Str+6 Int+2}
HPRegen 2.66/turn    o - +4 ring of protection
MPRegen 0.19/turn

%: no teleportation, repel missiles, guardian spirit
@: studying Stealth, very heavily drained
A: fangs 3, regeneration 1, magic shield, antimagic bite, no potion heal 2
a: Renounce Religion


You were in a Gauntlet.
You worshipped Vehumet.
Vehumet was greatly pleased with you.
You visited 2 branches of the dungeon, and saw 14 of its levels.
You also visited: Gauntlet.

You collected 665 gold pieces.
You spent 228 gold pieces at shops.

Inventory:

Hand Weapons
 a - a +2 dagger of speed (weapon)
 l - the +2 shortbow of Sosestra {antimagic, *Corrode rElec rF+++ rC-}
   (You found it on level 3 of the Dungeon)

   rF+++:     It renders you almost immune to fire.
   rC-:       It makes you vulnerable to cold.
   rElec:     It insulates you from electricity.
   *Corrode:  It may corrode you when you take damage.
 r - a +0 rapier
 S - a +2 vampiric dagger
Missiles
 n - 25 poisoned darts
 q - 10 atropa-tipped darts
 w - 10 javelins
 C - a throwing net
 T - 8 curare-tipped darts
Armour
 c - the +1 pair of boots "Umouwk" {*Corrode +Blink rPois Regen+}
   (You found it in a Gauntlet)

   rPois:     It protects you from poison +Blink: It lets you blink.
   Regen+:    It increases your rate of health regeneration.
   *Corrode:  It may corrode you when you take damage.
 g - a +0 troll leather armour (worn)
 p - a +1 pair of gloves (worn)
 s - a +0 helmet (worn)
 x - a +0 buckler (worn)
 y - a scarf of repulsion (worn)
Jewellery
 b - an amulet of regeneration (around neck)
 f - the ring "Jyheacic" (left hand) {rPois Str+6 Int+2}
   (You acquired it on level 3 of the Dungeon)

   [ring of strength]

   Str+6:     It affects your strength (+6).
   Int+2:     It affects your intelligence (+2).
   rPois:     It protects you from poison
 o - a +4 ring of protection (right hand)
 A - a ring of willpower
 U - a ring of flight
 Y - a ring of magical power
Wands
 u - a wand of mindburst (4)
 z - a wand of iceblast (8)
 P - a wand of flame (12)
 W - a wand of polymorph (7)
Scrolls
 d - a scroll of poison
 h - 2 scrolls of fog
 v - 2 scrolls of fear
 B - 2 scrolls of teleportation
 Q - a scroll of enchant weapon
Potions
 e - 2 potions of lignification
 k - a potion of curing
 t - 3 potions of enlightenment
 F - a potion of ambrosia
 I - a potion of cancellation
 N - a potion of attraction


   Skills:
 + Level 6.5 Fighting
 + Level 8.3 Short Blades
 + Level 4.3 Armour
 + Level 6.8 Dodging
 + Level 15.2 Stealth
 + Level 4.5 Shields
 + Level 7.4 Spellcasting
 + Level 1.8 Conjurations
 + Level 5.7 Hexes


You had 6 spell levels left.
You knew the following spells:

 Your Spells              Type           Power      Damage    Failure   Level
a - Ensorcelled Hibernat  Hex/Ice        38%        N/A       6%          2
b - Confusing Touch       Hex            32%        N/A       3%          3
c - Tukima's Dance        Hex            32%        N/A       3%          3
d - Sandblast             Erth           14%        2d6       3%          1
e - Dazzling Flash        Conj/Hex       46%        N/A       2%          3
f - Mephitic Cloud        Conj/Alch/Air  10%        N/A       8%          3
g - Ignite Poison         Fire/Alch      7%         N/A       30%         4

Your spell library contained the following spells:

 Spells                   Type           Power      Damage    Failure   Level
 Jinxbite                 Hex            64%        N/A       1%          2
 Shock                    Conj/Air       44%        1d5       2%          1
 Sigil of Binding         Hex            32%        N/A       3%          3
 Scorch                   Fire           14%        2d5       5%          2
 Apportation              Tloc           14%        N/A       12%         1
 Cigotuvi's Dreadful Rot  Necr/Alch/Air  14%        N/A       19%         2
 Flame Wave               Conj/Fire      11%        2d6       21%         4
 Airstrike                Air            3%         2d(1-17)  30%         4
 Call Canine Familiar     Summ           7%         N/A       36%         3
 Swiftness                Air            7%         N/A       36%         3
 Dimensional Bullseye     Hex/Tloc       9%         N/A       36%         4
 Freezing Cloud           Conj/Ice/Air   5%         6-21      54%         5
 Silence                  Hex/Air        9%         N/A       71%         5
 Animate Dead             Necr           7%         N/A       77%         4
 Passage of Golubria      Tloc           7%         N/A       77%         4
 Alistair's Intoxication  Alch           4%         N/A       98%         5
 Borgnjor's Vile Clutch   Necr/Erth      3%         N/A       98%         5
 Death Channel            Necr           3%         N/A       100%        6
 Summon Cactus Giant      Summ           3%         N/A       100%        6
 Lehudib's Crystal Spear  Conj/Erth      5%         10d3      100%        8


Dungeon Overview and Level Annotations

Branches:
Dungeon (13/15)            Temple (1/1) D:5            Lair (0/5) D:8
 Vaults (0/5) D:13        Gauntlet (1/1)
    Orc: D:9-12

Altars:
Ashenzari
Cheibriados
Dithmenos
Elyvilon
Fedhas
Gozag
Hepliaklqana
Makhleb
Nemelex Xobeh
Okawaru
Qazlal
Ru
Sif Muna
Trog
Uskayaw
Vehumet
Wu Jian
Xom
Yredelemnul
Zin

Shops:
D:2 *   D:5 [   D:9 (

Annotations:
D:8 1 transporter Gauntlet 9 transporters


Innate Abilities, Weirdness & Mutations

You have razor-sharp teeth.
Your natural rate of healing is unusually fast.
When hurt, damage is shared between your health and your magic reserves.
Your bite disrupts and absorbs the magic of your enemies.
Potions cannot restore your health.


Message History

Casting: Mephitic Cloud (dangerous; 8% risk of failure)
Confirm with . or Enter, or press ? or * to list all spells.
Okay, then.
Unknown command.
Casting: Mephitic Cloud (dangerous; 8% risk of failure)
Confirm with . or Enter, or press ? or * to list all spells.
Aiming: Mephitic Cloud (dangerous; 8% risk of failure)
Press: ? - help, Shift-Dir - straight line, f - laughing skull
Aim: a laughing skull (blue smoke, not susceptible)
The ball explodes into a vile cloud!
The stinking cloud engulfs the laughing skull. x4
The stinking cloud engulfs you.
You block the laughing skull's attack. x2
The laughing skull headbutts you.
The laughing skull cackles spitefully.
The bolt of negative energy is repelled.
Unknown command.
Unknown command.
The laughing skull attacks as it pursues you!
The laughing skull barely misses you. The laughing skull closely misses you.
Unknown command.
The laughing skull attacks as it pursues you!
The laughing skull completely misses you.
The laughing skull headbutts you but does no damage.
The laughing skull closely misses you. The laughing skull headbutts you!
You see here the +1 pair of boots "Umouwk" {*Corrode +Blink rPois Regen+}.
c - the +1 pair of boots "Umouwk" {*Corrode +Blink rPois Regen+} The laughing skull headbutts you but does no damage. x2
The laughing skull gibbers with scorn.
The bolt of negative energy hits you!
You feel drained.
* * * LOW HITPOINT WARNING * * *
The laughing skull barely misses you.
Unknown command.
The laughing skull closely misses you. The laughing skull headbutts you.
* * * LOW HITPOINT WARNING * * *
The laughing skull closely misses you.
The laughing skull cackles spitefully.
The bolt of negative energy hits you!!
You feel drained.
Ouch! That really hurt!
You die...
The laughing skull crumbles to pieces from sheer joy.

##.##..#...#..#####..#..#8#
..#.##.#...#.#p....#.#..###
#.##..##...#.........#..#
########...###########..###
#.©.#....≈....#.©.#.....#8#
#...#...≈8§...#...#.8...###
#.©.#..§§≈....#.©.#.....#
########...###########..###
!X©.?..#...#...§@zz..#..#8#
##.##..#...#..§§zz○..#..###
#..x##.#...#..#§z§#§§#..#
.....#.#...#..§§§§§§§#..###
..X....#...#...§§§§§.#..#8#
.....#.#...#..z§§PP..#..###
#...##.#...#..#.§P#○.#..#
##.##..#...#.....z...#..###
.......#..§#.....○...#..#8#


You could see a necromancer (wandering), a weeping skull and 4 laughing skulls.

Vanquished Creatures
  An entropy weaver (shapeshifter) (D:13)
  A hydra (D:13)
  3 centaur warriors (D:13)
  2 two-headed ogres (D:13)
  An orc knight (D:13)
  A deep elf pyromancer (D:13)
  2 necromancers (D:13)
  An ugly thing (D:12)
  A gargoyle (D:12)
  An unseen horror (D:10)
  Psyche (D:8)
  6 trolls
  2 hornets
  A wraith (D:12)
  3 wyverns
  A shadow (D:11)
  Grum (D:8)
  3 fire elementals (D:13)
  7 vampire mosquitoes
  2 acid dragons
  A water moccasin (D:8)
  4 sky beasts
  2 ice beasts
  4 wolves (D:8)
  4 orc warriors
  2 laughing skulls (Gauntlet)
  8 centaurs
  2 phantoms (D:6)
  Blork the orc (D:4)
  3 kobold brigands (D:9)
  3 bullfrogs
  A weeping skull (D:8)
  2 gnoll sergeants
  A scorpion (D:5)
  5 wights
  3 killer bees (D:11)
  2 electric eels (D:8)
  A howler monkey (D:6)
  3 bombardier beetles
  4 lava snakes (D:13)
  4 orc priests
  2 hounds
  3 jellies
  Crazy Yiuf (D:7)
  A gnoll bouda (D:6)
  Jessica (D:2)
  2 sleepcaps
  2 iguanas
  8 orc wizards
  17 gnolls
  8 adders
  4 shadow imps
  2 white imps
  6 ufetubi
  A worm (D:8)
  2 dart slugs
  25 orcs
  4 ball pythons
  An endoplasm (D:3)
  2 giant cockroaches
  7 goblins
  9 hobgoblins
  2 jackals (D:4)
  14 kobolds
  5 quokkas
  4 bats
  A frilled lizard (D:3)
  3 rats
  A spectral orc (D:8)
239 creatures vanquished.

Vanquished Creatures (collateral kills)
  4 wights (D:10)
  A kobold (D:9)
5 creatures vanquished.

Vanquished Creatures (others)
  A dancing weapon (D:10)
1 creature vanquished.

Grand Total: 245 creatures vanquished

Notes
Turn   | Place    | Note
-------+----------+-------------------------------------------
     0 | D:1      | bjtr the Vine Stalker Enchanter began the quest for the
                  | Orb.
     0 | D:1      | Reached XP level 1. HP: 9/9 MP: 4/4
   108 | D:1      | Reached XP level 2. HP: 13/13 MP: 4/6
   162 | D:1      | Reached skill level 4 in Stealth
   238 | D:1      | Learned a level 2 spell: Ensorcelled Hibernation
   642 | D:1      | Found a faded altar of an unknown god.
   899 | D:2      | Reached skill level 1 in Short Blades
   921 | D:2      | Reached XP level 3. HP: 14/17 MP: 4/7
   925 | D:2      | Learned a level 3 spell: Confusing Touch
   991 | D:2      | Found Wacvoceps's General Store.
  1126 | D:2      | Noticed Jessica
  1186 | D:2      | Killed Jessica
  1187 | D:2      | Reached XP level 4. HP: 18/21 MP: 5/8
  1450 | D:3      | Identified a scroll of acquirement
  1450 | D:3      | Acquired the ring "Jyheacic" {rPois Str+6 Int+2}
  1656 | D:3      | Identified the +2 shortbow of Sosestra {antimagic, *Corrode
                  | rElec rF+++ rC-}
  1757 | D:3      | Reached skill level 1 in Armour
  1819 | D:3      | Reached XP level 5. HP: 25/25 MP: 9/9
  1852 | D:3      | Found a hide-covered altar of Uskayaw.
  1964 | D:3      | Reached skill level 1 in Fighting
  2133 | D:3      | Reached XP level 6. HP: 30/30 MP: 8/10
  2310 | D:3      | Reached skill level 5 in Stealth
  2441 | D:4      | Noticed an orc warrior
  2514 | D:4      | Killed an orc warrior
  2645 | D:4      | Reached XP level 7. HP: 34/34 MP: 12/12
  2807 | D:4      | Noticed Blork the orc
  2822 | D:4      | Killed Blork the orc
  2823 | D:4      | Reached skill level 6 in Stealth
  3077 | D:4      | Found an ornate altar of the Wu Jian Council.
  3323 | D:5      | Entered Level 5 of the Dungeon
  3365 | D:5      | Found a staircase to the Ecumenical Temple.
  3439 | Temple   | Entered the Ecumenical Temple
  3446 | Temple   | Became a worshipper of Vehumet
  3464 | D:5      | Reached skill level 1 in Shields
  3603 | D:5      | Gained mutation: You have razor-sharp teeth. [Vine Stalker
                  | growth]
  3603 | D:5      | Reached XP level 8. HP: 39/39 MP: 11/13
  3756 | D:5      | Reached skill level 7 in Stealth
  3853 | D:5      | Identified the +2 cloak of Pemm {Harm rPois Str+2}
  3881 | D:5      | Found Boehen's Antique Armour Shoppe.
  3902 | D:5      | Bought a warped cloak for 228 gold pieces
  3902 | D:5      | Identified the +2 cloak of Gehenna {Int+4 Dex+3} (You
                  | bought it in a shop on level 5 of the Dungeon)
  4072 | D:3      | Found a sacrificial altar of Ru.
  4254 | D:6      | Learned a level 3 spell: Tukima's Dance
  4264 | D:6      | Reached skill level 5 in Short Blades
  4556 | D:6      | Found a broken altar of Ashenzari.
  4560 | D:6      | Found a shimmering altar of Xom.
  4564 | D:6      | Found an opulent altar of Gozag.
  4706 | D:6      | Reached * piety under Vehumet
  4706 | D:6      | Offered knowledge of Magic Dart by Vehumet.
  4727 | D:6      | Reached skill level 8 in Stealth
  4820 | D:6      | Reached XP level 9. HP: 20/44 MP: 9/15
  5618 | D:7      | Found a bloodstained altar of Trog.
  5659 | D:7      | Found a runed translucent door.
  5660 | D:7      | Noticed Crazy Yiuf
  5667 | D:7      | Killed Crazy Yiuf
  5713 | D:7      | Noticed a hornet
  5715 | D:7      | Killed a hornet
  5716 | D:7      | Reached skill level 9 in Stealth
  6061 | D:8      | Noticed Grum
  6092 | D:8      | Noticed Psyche
  6138 | D:8      | Found a sparkling altar of Nemelex Xobeh.
  6138 | D:8      | Found a transporter.
  6139 | D:8      | Noticed a deep elf pyromancer
  6139 | D:8      | Noticed a centaur warrior
  6366 | D:8      | Found a white marble altar of Elyvilon.
  6649 | D:8      | Offered knowledge of Sandblast by Vehumet.
  6666 | D:8      | Reached ** piety under Vehumet
  6667 | D:8      | Reached skill level 10 in Stealth
  6677 | D:8      | Reached XP level 10. HP: 21/51 MP: 4/17
  6685 | D:8      | Killed Grum
  6686 | D:8      | Reached skill level 5 in Dodging
  6828 | D:8      | Found a staircase to the Lair.
  6837 | D:8      | Found a basalt altar of Yredelemnul.
  6895 | D:8      | Learned a level 1 spell: Sandblast
  6899 | D:8      | Learned a level 3 spell: Dazzling Flash
  6958 | D:8      | Killed Psyche
  6975 | D:8      | Found a burning altar of Makhleb.
  7020 | D:8      | Found a snail-covered altar of Cheibriados.
  7095 | D:8      | Found a shadowy altar of Dithmenos.
  7634 | D:9      | Reached skill level 11 in Stealth
  7854 | D:9      | Found a stormy altar of Qazlal.
  8014 | D:9      | Reached skill level 5 in Spellcasting
  8022 | D:9      | Offered knowledge of Mephitic Cloud by Vehumet.
  8023 | D:9      | Reached skill level 5 in Fighting
  8032 | D:9      | Learned a level 3 spell: Mephitic Cloud
  8067 | D:9      | Found Edeohav's Antique Weapon Boutique.
  8394 | D:10     | Entered Level 10 of the Dungeon
  8419 | D:10     | Noticed a two-headed ogre
  8605 | D:11     | Noticed a two-headed ogre
  8712 | D:11     | Noticed a two-headed ogre
  8825 | D:10     | Killed an unseen horror
  8826 | D:10     | Reached skill level 12 in Stealth
  8940 | D:10     | Reached XP level 11. HP: 52/56 MP: 18/20
  8981 | D:10     | You fall into a shaft and drop 3 floors!
  8986 | D:13     | Noticed a centaur warrior
  8989 | D:13     | Noticed an orc knight
  8994 | D:13     | Noticed a deep elf pyromancer
  9001 | D:13     | Killed a centaur warrior
  9001 | D:13     | Reached *** piety under Vehumet
  9013 | D:13     | Killed a deep elf pyromancer
  9025 | D:13     | Killed an orc knight
  9316 | D:13     | Noticed a seven-headed hydra
  9325 | D:13     | Killed a seven-headed hydra
  9326 | D:13     | Reached skill level 5 in Hexes
  9447 | D:13     | Noticed a necromancer
  9447 | D:13     | Noticed a two-headed ogre
  9447 | D:13     | Noticed a two-headed ogre
  9454 | D:13     | a meliai changed into an entropy weaver
  9454 | D:13     | Noticed an entropy weaver (shapeshifter)
  9460 | D:13     | Noticed a necromancer
  9462 | D:13     | Killed a two-headed ogre
  9463 | D:13     | Reached skill level 13 in Stealth
  9469 | D:13     | Killed an entropy weaver
  9469 | D:13     | Offered knowledge of Ignite Poison by Vehumet.
  9482 | D:13     | Killed a necromancer
  9483 | D:13     | Reached skill level 1 in Conjurations
  9492 | D:13     | Killed a two-headed ogre
  9530 | D:13     | Killed a necromancer
  9607 | D:13     | Reached skill level 14 in Stealth
  9769 | D:13     | Found a gate to the Vaults.
  9869 | D:13     | Learned a level 4 spell: Ignite Poison
  9981 | D:13     | Reached XP level 12. HP: 62/62 MP: 23/23
 10198 | D:12     | Paralysed by a hornet for 2 turns
 10242 | D:13     | Noticed a centaur warrior
 10259 | D:13     | Killed a centaur warrior
 10380 | D:13     | Noticed a centaur warrior
 10403 | D:13     | Killed a centaur warrior
 10555 | D:12     | Found a gate leading to a gauntlet.
 10587 | D:12     | Reached skill level 15 in Stealth
 10615 | Gauntlet | Entered a Gauntlet
 10615 | Gauntlet | Found a transporter.
 10615 | Gauntlet | Found a transporter.
 10615 | Gauntlet | Found a transporter.
 10619 | Gauntlet | Found a transporter.
 10621 | Gauntlet | Found a transporter.
 10628 | Gauntlet | Noticed a thrashing horror
 10629 | Gauntlet | Found a transporter.
 10631 | Gauntlet | Noticed a thrashing horror
 10633 | Gauntlet | Found a transporter.
 10641 | Gauntlet | Noticed a death yak
 10642 | Gauntlet | Noticed a death yak
 10642 | Gauntlet | Noticed a death yak
 10643 | Gauntlet | Noticed a death yak
 10645 | Gauntlet | Found a transporter.
 10646 | Gauntlet | Found the +0 pair of fencer's gloves {Riposte Dex+3}
 10652 | Gauntlet | Found the +5 robe of Night {Dark Will+ SInv}
 10734 | Gauntlet | Found a transporter.
 10744 | Gauntlet | Found a transporter.
 10748 | Gauntlet | Found a transporter.
 10758 | Gauntlet | Found a transporter.
 10941 | Gauntlet | Reached **** piety under Vehumet
 11056 | Gauntlet | Identified the +1 pair of boots "Umouwk" {*Corrode +Blink
                  | rPois Regen+}
 11058 | Gauntlet | Killed from afar by a laughing skull

Illustrated notes

Levels and vault maps discovered:
D:1:      heliophobic_arrival_henge, layout_basic,
          dreamdust_ecumenical_altar_statues
D:2:      layout_rooms, serial_shops, shop, uniq_jessica
D:3:      layout_basic, mainiacjoe_overflow_small_starburst,
          nicolae_overflow_hidden_temple
D:4:      layout_loops_ring, nzn_wu_jian_contemplation, minivault_25,
          minivault_27, uniq_blork_the_orc
D:5:      layout_cave_pools, minmay_temple_entry_arrows, serial_shops,
          shop_statue, wad_floor_pattern_untrapped, kennysheep_generic_room_2
D:6:      layout_gridville, grunt_temple_overflow_diamond,
          kennysheep_nondescript, chequers_serial_rivers_micro_a
D:7:      layout_loops_ring, lemuel_round_altar, solitary_fountain,
          uniq_crazy_yiuf_cottage
D:8:      nicolae_cairo_tiling_large_dashed, layout_loops_corners,
          grunt_nemelex_the_gamble, mainiacjoe_overflow_surrounded_room,
          nicolae_elyvilon_temple_path, yredelemnul_forgotten_temple_becter,
          grunt_dithmenos_shadows, cheibrodos_worm_habitat, uniq_psyche,
          uniq_grum
D:9:      layout_grid_maze, grunt_qazlal_clouds, serial_shops, shop
D:10:     layout_cave_pools, overflow_temple_1_default,
          lemuel_mausoleum_altar_kikubaaqudgha, orc_0_dummy,
          serial_bayou_crossing, uniq_snorg
D:11:     layout_basic, feat_on_display
D:12:     hellmonk_paralyzer, layout_loops_ring, gauntlet_entry_generic
D:13:     erik_rubicon_a, layout_gridville, david_vaults_1
Temple:   nicolae_temple_ecumenical_triangle
Gauntlet: gammafunk_gauntlet_hard_choice [gammafunk_gauntlet_arena_spirals,
          nicolae_gauntlet_arena_grate_2,
          gammafunk_gauntlet_arena_split_diamond,
          gammafunk_gauntlet_arena_hedges, gammafunk_gauntlet_arena_mazey,
          nicolae_gauntlet_arena_blocks, gauntlet_exit_watery]

Skill      XL: |  1  2  3  4  5  6  7  8  9 10 11 12 |
---------------+-------------------------------------+-----
Stealth        | 4 5 6 8 10 12 14 15 | 15.2
Short Blades   | 1 2 3 4 5 6 7 8 |  8.3
Dodging        | 2 3 4 5 6 |  6.8
Armour         | 1 2 3 4 |  4.3
Fighting       | 1 2 3 4 5 6 |  6.5
Spellcasting   | 3 4 5 7 |  7.4
Shields        | 1 2 3 4 |  4.5
Hexes          | 4 5 |  5.7
Conjurations   | 1 |  1.8

Action                     |  1- 3 |  4- 6 |  7- 9 | 10-12 || total
---------------------------+-------+-------+-------+-------++-------
  Melee: Dagger            |   114 |   246 |   570 |   539 ||  1469
         Bite              |    22 |    50 |   167 |   191 ||   430
         Punch             |     1 |     5 |       |       ||     6
   Cast: Ensorcelled Hiber |       |     1 |       |       ||     1
         Confusing Touch   |       |     1 |     5 |    12 ||    18
         Tukima's Dance    |       |       |    10 |     8 ||    18
         Mephitic Cloud    |       |       |       |    13 ||    13
         Sandblast         |       |       |       |    11 ||    11
         Dazzling Flash    |       |       |       |     1 ||     1
  Evoke: Wand              |       |     5 |     1 |    10 ||    16
    Use: Scroll            |       |     4 |    10 |    11 ||    25
         Potion            |       |     1 |       |     5 ||     6
   Stab: Sleeping          |     4 |     6 |    16 |     9 ||    35
         Invisible         |       |     2 |       |     7 ||     9
         Distracted        |       |       |     1 |       ||     1
         Confused          |       |       |     1 |    18 ||    19
 Armour: Leather armour    |    61 |   140 |   205 |   176 ||   582
         Troll leather arm |       |       |       |    95 ||    95
  Dodge: Dodged            |    75 |   133 |   199 |   232 ||   639
         Repelled          |       |       |     4 |     6 ||    10
  Block: Buckler           |       |     7 |    56 |    76 ||   139

Table legend: (Time is in decaauts)
 A = Elapsed time spent in this place.
 B = Non-inter-level travel time spent in this place.
 C = Inter-level travel time spent in this place.
 D = Time resting spent in this place.
 E = Time spent auto-exploring this place.
 F = Levels seen in this place.
 G = Mean time per level.
                   A        B        C        D        E       F      G
               +--------+--------+--------+--------+--------+-----+--------+
         Total |  10368 |   9915 |    453 |    882 |   5682 |  15 |  691.2 |
       Dungeon |   9906 |   9457 |    449 |    770 |   5547 |  13 |  762.0 |
        Temple |     12 |      8 |      4 |      0 |      0 |   1 |   12.0 |
      Gauntlet |    449 |    449 |      0 |    112 |    135 |   1 |  449.0 |
               +--------+--------+--------+--------+--------+-----+--------+

Top non-repeatable levels by time:
    D:13: 1412 daAuts
     D:8: 1230 daAuts
     D:6: 1025 daAuts
     D:9: 1019 daAuts
     D:3: 927 daAuts
     D:4: 897 daAuts
     D:1: 874 daAuts
     D:7: 749 daAuts
     D:5: 633 daAuts
     D:2: 536 daAuts
Gauntlet: 449 daAuts
    D:11: 333 daAuts
    D:10: 194 daAuts
    D:12: 71 daAuts
  Temple: 12 daAuts
